 Dungeon Crawl Stone Soup version 0.31.0-11-ge490571c62 (webtiles) character file.

Game seed: 16492496033661136410

43176 Drazool the Frost Mage (level 14, -5/189 HPs)
             Began as a Naga Ice Elementalist on Feb 5, 2024.
             Was a High Priest of Sif Muna.
             Slain by a seven-headed hydra (7 damage)
             ... on level 5 of the Lair of Beasts.
             The game lasted 01:41:59 (21462 turns).

Drazool the Frost Mage (Naga Ice Elementalist)     Turns: 21462, Time: 01:42:00

Health: -5/189     AC: 36    Str: 11    XL:     14   Next: 23%
Magic:  26/26      EV:  1    Int: 21    God:    Sif Muna [*****.]
Gold:   1083       SH:  0    Dex: 15    Spells: 1/29 levels left

rFire   . . .        i - +0 dagger (venom)
rCold   + . .        (no shield)
rNeg    . . .        w - melded +0 acid dragon scales
rPois   +            F - melded +0 hat {Int+3}
rElec   .            r - melded +0 cloak
rCorr   .            o - melded +1 pair of gloves
SInv    +            d - melded +3 barding of Failure {rN+}
Will    +....        A - amulet of the Komtur {Faith Dex+4}
Stlth   +++          E - +5 ring of evasion
HPRegen 0.51/turn    C - ring of protection from cold
MPRegen 0.20/turn

%: faith
@: ice-armoured, tree-form
A: stationary, stasis, torment immunity, boosted hp, AC +4, large, see
invisible, (deformed body), (poison resistance), (slowness 2), spit poison 1,
(naga tail 2)
a: Spit Poison, Renounce Religion, Channel Magic, Forget Spell, Divine Exegesis


You were on level 5 of the Lair of Beasts.
You worshipped Sif Muna.
Sif Muna was extremely pleased with you.
You were a tree.
You visited 3 branches of the dungeon, and saw 16 of its levels.

You collected 1270 gold pieces.
You spent 187 gold pieces at shops.


Innate Abilities, Weirdness & Mutations

You are a tree.
Your roots penetrate the ground, keeping you stationary.
You cannot be teleported.
You are immune to unholy pain and torment.
Your maximum health is greatly increased.
Your equipment is partially melded.
((Your serpentine skin is tough. (AC +4)))
You have supernaturally acute eyesight. (SInv)
((Armour fits poorly on your strangely shaped body.))
((Your system is resistant to poisons. (rPois)))
((You cover ground very slowly.))
You can spit poison.
((You can use your snake-like lower body to constrict enemies.))


   Skills:
 - Level 8.0 Fighting
 - Level 2.3 Short Blades
 - Level 3.0 Armour
 - Level 6.0 Dodging
 - Level 7.0 Stealth
 - Level 8.0 Spellcasting
 + Level 4.8 Hexes
 - Level 6.0 Summonings
 - Level 6.0 Necromancy
 - Level 7.0 Translocations
 - Level 10.0 Ice Magic
 - Level 1.0 Air Magic
 - Level 9.0 Alchemy
 - Level 8.0 Invocations
 - Level 7.0 Evocations


You had one spell level left.
You knew the following spells:

 Your Spells              Type           Power      Damage    Failure   Level
b - Summon Ice Beast      Ice/Summ       42%        N/A       1%          3
f - Freeze                Ice            100%       1d10      1%          1
g - Gell's Gravitas       Tloc           37%        N/A       1%          3
i - Olgreb's Toxic Radia  Alch           46%        N/A       1%          4
m - Metabolic Englaciati  Hex/Ice        19%        N/A       11%         5
o - Ozocubu's Armour      Ice            50%        N/A       1%          3
r - Frozen Ramparts       Ice            100%       1d16      1%          3
B - Blink                 Tloc           74%        N/A       1%          2
X - Martyr's Knell        Necr/Summ      33%        N/A       7%          4

Your spell library contained the following spells:

 Spells                   Type           Power      Damage    Failure   Level
 Sting                    Conj/Alch      100%       1d9       1%          1
 Cigotuvi's Dreadful Rot  Necr/Alch/Air  60%        N/A       1%          2
 Lesser Beckoning         Tloc           74%        N/A       1%          2
 Mercury Vapours          Alch/Air       58%        N/A       1%          2
 Sublimation of Blood     Necr           33%        N/A       1%          2
 Teleport Other           Tloc           37%        N/A       1%          3
 Vampiric Draining        Necr           33%        2d8       1%          3
 Momentum Strike          Conj/Tloc      46%        3d9       2%          2
 Animate Dead             Necr           33%        N/A       7%          4
 Dispel Undead            Necr           33%        3d14      7%          4
 Sculpt Simulacrum        Ice/Alch       24%        N/A       24%         6
 Death Channel            Necr           16%        N/A       71%         6
 Haunt                    Necr/Summ      16%        N/A       99%         7

Inventory:

Hand Weapons
 i - a +0 dagger of venom (weapon)
Missiles
 a - 3 throwing nets {=f}
Armour
 d - the +3 barding of Failure (melded) {rN+}
   (You acquired it on level 2 of the Dungeon)

   rN+:       It protects you from negative energy.
 o - a +1 pair of gloves (melded)
 r - a +0 cloak (melded)
 w - +0 acid dragon scales (melded)
 F - a +0 hat of intelligence (melded)
Magical Staves
 k - a staff of air {!a}
 G - a staff of fire {!a}
Jewellery
 A - the amulet of the Komtur (around neck) {Faith Dex+4}
   (You found it on level 2 of the Lair of Beasts)

   [amulet of faith]

   Faith:     It allows you to gain divine favour quickly.
   Dex+4:     It affects your dexterity (+4).
 C - a ring of protection from cold (right branch)
 E - a +5 ring of evasion (left branch)
Wands
 l - a wand of iceblast (4)
 s - a wand of paralysis (6)
 B - a wand of mindburst (4)
 D - a wand of flame (5)
Scrolls
 h - 3 scrolls of amnesia
 m - 2 scrolls of noise
 p - 8 scrolls of poison
 u - 2 scrolls of fog
 v - 3 scrolls of revelation
 x - a scroll of vulnerability
 y - 2 scrolls of immolation
 H - 2 scrolls of blinking
 J - a scroll of identify {@r1}
Potions
 b - 3 potions of lignification
 c - 2 potions of berserk rage {!q}
 e - 4 potions of enlightenment
 f - 2 potions of attraction
 g - 4 potions of might
 j - 2 potions of haste {@q3}
 t - 2 potions of brilliance
 z - 2 potions of mutation
 I - a potion of experience {unknown}

Dungeon Overview and Level Annotations

Branches:
Dungeon (10/15)            Temple (1/1) D:4            Lair (5/5) D:10
  Swamp (0/4) Lair:2        Snake (0/4) Lair:2
  Slime: Lair:4-5       Orc: D:9-12

Altars:
Ashenzari
Cheibriados
Dithmenos
Elyvilon
Fedhas
Gozag
Hepliaklqana
Kikubaaqudgha
Makhleb
Nemelex Xobeh
Okawaru
Qazlal
Ru
Sif Muna
Trog
Uskayaw
Vehumet
Wu Jian
Xom
Yredelemnul
Zin
The Shining One

Shops:
D:2 ?   D:6 ?

Annotations:
D:3 2 transporters, SmokeWeed's ghost, weakling OpBr
D:8 3 runed translucent doors, asd2613's ghost, novice DrCj

.....= ##. ....)..
.........## .......
#.......... .......
##.......... .......
...Y.......
.......#..$.##.8..#
......#D..# ##....#
......†♣..# #Y....#
.....#†YY8# #.Y<..#
......#....##......#
..P...##..####...###
.$Ph. ...# ..8.#
...P# #.....wYY.
...P #.......$. ..h
.....Y...
.##...Y....


You could see a death yak (inner flame), a seven-headed hydra (inner flame), 2
elephants and 2 wolves.


Message History

You hit the elephant but do no damage.
The elephant is severely wounded.
You hear a howl!
You kill the death yak!
Sif Muna accepts your kill.
The elephant looks more healthy.
The elephant tramples you but does no damage.
The elephant trunk-slaps you but does no damage.
The death yak gores you but does no damage.
The seven-headed hydra bites you but does no damage. x4
The seven-headed hydra bites you.
* * * LOW HITPOINT WARNING * * *
The seven-headed hydra bites you but does no damage.
The seven-headed hydra bites you!
* * * LOW HITPOINT WARNING * * *
Unknown command.
You hit the elephant but do no damage.
The elephant looks as sick as possible!
The elephant is severely wounded.
The death yak barely misses you. The elephant tramples you!
* * * LOW HITPOINT WARNING * * *
The elephant trunk-slaps you but does no damage.
Unknown command.
Unknown command.
As you read the scroll of immolation, it crumbles to dust.
The creatures around you are filled with an inner flame!
Flame seeps out of the elephant.
A wolf comes into view.
The seven-headed hydra bites you but does no damage. x5
The seven-headed hydra bites you!
You die...

Skill      XL: |  1  2  3  4  5  6  7  8  9 10 11 12 13 14 |
---------------+-------------------------------------------+-----
Ice Magic      | 5 6 7 8 9 10 | 10.0
Stealth        | 4 5 6 7 |  7.0
Spellcasting   | 3 5 6 8 |  8.0
Summonings     | 3 6 |  6.0
Fighting       | 3 4 5 6 8 |  8.0
Invocations    | 1 5 7 8 |  8.0
Evocations     | 3 6 7 |  7.0
Dodging        | 2 4 6 |  6.0
Alchemy        | 5 6 8 9 |  9.0
Necromancy     | 6 |  6.0
Armour         | 3 |  3.0
Translocations | 5 7 |  7.0
Short Blades   | 2 |  2.3
Hexes          | 4 |  4.8
Air Magic      | 1 |  1.0

Action                     |  1- 3 |  4- 6 |  7- 9 | 10-12 | 13-15 || total
---------------------------+-------+-------+-------+-------+-------++-------
  Melee: Unarmed           |     1 |       |       |       |       ||     1
         Dagger            |       |    65 |   106 |   274 |   271 ||   716
         Punch             |       |     2 |     2 |     3 |     7 ||    14
         Constrict         |       |       |       |       |    51 ||    51
   Cast: Freeze            |    24 |    10 |       |       |       ||    34
         Frozen Ramparts   |       |    31 |    34 |    56 |    51 ||   172
         Ozocubu's Armour  |       |     4 |    16 |    26 |    17 ||    63
         Summon Ice Beast  |       |     2 |    15 |    44 |    31 ||    92
         Olgreb's Toxic Ra |       |       |       |    95 |    74 ||   169
         Martyr's Knell    |       |       |       |       |     1 ||     1
         Gell's Gravitas   |       |       |       |       |     6 ||     6
 Invoke: Channel Magic     |       |       |     1 |     3 |     3 ||     7
Ability: Spit Poison       |    17 |    30 |    14 |     6 |     2 ||    69
  Evoke: Wand              |       |       |     1 |     7 |     7 ||    15
    Use: Scroll            |       |     7 |     8 |     4 |     8 ||    27
         Potion            |       |     2 |       |     4 |     6 ||    12
   Stab: Distracted        |       |       |     1 |     1 |     2 ||     4
         Sleeping          |       |       |     1 |       |     1 ||     2
 Armour: Robe              |    13 |    37 |    66 |    40 |       ||   156
         Acid dragon scale |       |       |       |   277 |   247 ||   524
         Skin              |       |       |       |       |   110 ||   110
  Dodge: Dodged            |     8 |    31 |    61 |   271 |   236 ||   607

Levels and vault maps discovered:
D:1:      lemuel_arrival_room, layout_basic
D:2:      layout_loops_ring, shapermc_ecumenical_altar_flowoftime, serial_shops,
          nicolae_shop_pleasant_corner_grove, uniq_jessica
D:3:      layout_basic, gammafunk_ghost_mausoleum, minmay_rat_hole
D:4:      layout_loops_corners, kennysheep_slug_shrine, dancing_weapons_uskayaw,
          minmay_temple_entry_hall, serial_co_window_serial, co_window_corner_a,
          co_window_paths_b, co_window_paths_a, co_window_cross_1,
          co_window_corner_a, co_window_corner_a, co_window_corner_a,
          co_window_broadway_a, co_window_broadway_c, co_window_corner_ca,
          co_window_corner_cb, co_window_broadway_c, glass_columns_a,
          glass_columns_c, uniq_pikel, uniq_ijyb
D:5:      layout_loops_ring, tgw_xom, mainiacjoe_overflow_catwalk_spiral
D:6:      layout_loops_ring, kennysheep_mini, amcnicky_altar_gilded,
          serial_shops, shop
D:7:      regret_index_malice_mire, layout_loops_ring,
          minmay_overflow_temple_star_hex, minmay_between
D:8:      minmay_general_purpose_star, layout_cave_pools, grunt_dithmenos_smoke,
          gammafunk_ghost_hydra_chop, minmay_misc_feat_four_crosses,
          dk_noncrumbling_4, hangedman_abyss_or_decor_passed, st_stairs_3
D:9:      layout_basic
D:10:     layout_stronghold, due_lair_maze_entry_diamond
Temple:   nicolae_temple_figure_zero
Lair:1:   layout_hall_layers, uniq_gastronok, uniq_jeremiah, uniq_harold
Lair:2:   lemuel_ratsnest, layout_cave_pods,
          nicolae_swamp_entry_splash_gauntlet, minmay_snake_entry_spellcaster,
          basic_altar, lemuel_fruit_tree, grunt_megastairs_2
Lair:3:   beast_lair_carwin_large_2, layout_long_grid
Lair:4:   layout_long_grid, basic_altar, serial_bayou_shore_a, uniq_josephine
Lair:5:   evilmike_catoblepas_cave, layout_cave_shapes, slime_entry_1,
          basic_altar, st_stairs_8, nicolae_lair_time_for_slime,
          grunt_megastairs_5

Notes
Turn   | Place    | Note
-------+----------+-------------------------------------------
     0 | D:1      | Drazool the Naga Ice Elementalist began the quest for the
                  | Orb.
     0 | D:1      | Reached XP level 1. HP: 15/15 MP: 3/3
    95 | D:1      | Reached XP level 2. HP: 22/22 MP: 1/5
   871 | D:2      | Reached skill level 5 in Ice Magic
   871 | D:2      | Reached XP level 3. HP: 28/28 MP: 0/6
  1038 | D:2      | Noticed Jessica
  1040 | D:2      | Killed Jessica
  1041 | D:2      | Reached XP level 4. HP: 36/36 MP: 5/7
  1096 | D:2      | Learned a level 3 spell: Frozen Ramparts
  1100 | D:2      | Learned a level 3 spell: Ozocubu's Armour
  1424 | D:2      | Found a faded altar of an unknown god.
  1465 | D:2      | Found Habaogge's Magic Scroll Shoppe.
  1471 | D:2      | Bought a scroll of teleportation for 33 gold pieces
  1471 | D:2      | Bought 2 scrolls of identify for 44 gold pieces
  1472 | D:2      | Identified a scroll of acquirement
  1476 | D:2      | Acquired the +3 barding of Failure {rN+}
  2092 | D:3      | Found a transporter.
  2092 | D:3      | Noticed SmokeWeed's ghost (weakling OpBr)
  2165 | D:3      | Reached skill level 6 in Ice Magic
  2380 | D:3      | Reached skill level 4 in Stealth
  2380 | D:3      | Reached XP level 5. HP: 42/42 MP: 3/8
  2597 | D:3      | Found a transporter.
  2956 | D:4      | Found a snail-covered altar of Cheibriados.
  2976 | D:4      | Reached skill level 3 in Spellcasting
  2993 | D:4      | Reached XP level 6. HP: 48/49 MP: 6/11
  2997 | D:4      | Learned a level 3 spell: Summon Ice Beast
  3083 | D:4      | Found a staircase to the Ecumenical Temple.
  3089 | Temple   | Entered the Ecumenical Temple
  3105 | Temple   | Became a worshipper of Sif Muna the Loreminder
  3185 | D:4      | Noticed Ijyb
  3201 | D:4      | Killed Ijyb
  3445 | D:4      | Reached skill level 4 in Spellcasting
  3781 | D:4      | Noticed a +0 hand axe
  3783 | D:4      | Found a hide-covered altar of Uskayaw.
  3783 | D:4      | Noticed a +0 dagger
  4107 | D:4      | Noticed Pikel
  4128 | D:4      | Killed Pikel
  4129 | D:4      | Reached skill level 5 in Spellcasting
  4129 | D:4      | Reached skill level 3 in Summonings
  4129 | D:4      | Reached skill level 3 in Fighting
  4129 | D:4      | Reached skill level 5 in Stealth
  4129 | D:4      | Reached XP level 7. HP: 39/62 MP: 11/14
  4238 | D:4      | Reached skill level 1 in Invocations
  4238 | D:4      | Reached XP level 8. HP: 69/69 MP: 11/15
  4302 | D:4      | Reached skill level 2 in Invocations
  4597 | D:2      | Bought a scroll of blinking for 82 gold pieces
  4675 | D:5      | Entered Level 5 of the Dungeon
  5182 | D:5      | Found a broken altar of Ashenzari.
  5196 | D:5      | Reached skill level 3 in Invocations
  5196 | D:5      | Reached skill level 1 in Evocations
  5340 | D:5      | Found an ancient bone altar of Kikubaaqudgha.
  5377 | D:5      | Reached skill level 2 in Evocations
  5531 | D:5      | Reached skill level 3 in Evocations
  5576 | D:5      | Reached skill level 2 in Dodging
  5661 | D:5      | Reached * piety under Sif Muna
  5958 | D:5      | Reached skill level 7 in Ice Magic
  5966 | D:5      | Reached skill level 4 in Invocations
  6041 | D:5      | Found a shimmering altar of Xom.
  6287 | D:6      | Reached skill level 5 in Invocations
  6287 | D:6      | Reached XP level 9. HP: 75/75 MP: 8/16
  6378 | D:6      | Noticed a two-headed ogre
  6389 | D:6      | Killed a two-headed ogre
  6390 | D:6      | Reached skill level 7 in Invocations
  6548 | D:6      | Found Mets's Magic Scroll Boutique.
  6556 | D:6      | Bought a scroll of identify for 28 gold pieces
  6592 | D:6      | Found a burning altar of Makhleb.
  6722 | D:6      | Reached skill level 4 in Fighting
  6722 | D:6      | Reached skill level 4 in Evocations
  6926 | D:6      | Reached skill level 5 in Evocations
  7025 | D:6      | Found an opulent altar of Gozag.
  7240 | D:7      | Noticed a two-headed ogre
  7568 | D:7      | Reached skill level 6 in Evocations
  7647 | D:7      | Learned a level 4 spell: Olgreb's Toxic Radiance
  7710 | D:7      | Killed a two-headed ogre
  7711 | D:7      | Reached skill level 5 in Alchemy
  7711 | D:7      | Reached XP level 10. HP: 58/85 MP: 8/17
  7945 | D:7      | Reached skill level 6 in Alchemy
  8300 | D:7      | Reached skill level 7 in Evocations
  8382 | D:7      | Noticed a two-headed ogre
  8395 | D:7      | Killed a two-headed ogre
  8396 | D:7      | Reached skill level 5 in Fighting
  8577 | D:7      | Reached skill level 3 in Dodging
  8763 | D:7      | Identified the ring of Disaster {Fly rF- rC- rN+++ rCorr}
  8860 | D:7      | Reached skill level 4 in Dodging
  9440 | D:7      | Reached skill level 6 in Spellcasting
  9633 | D:7      | Found a glowing golden altar of the Shining One.
  9638 | D:7      | Found a glowing silver altar of Zin.
  9638 | D:7      | Found an ornate altar of the Wu Jian Council.
  9649 | D:7      | Found a bloodstained altar of Trog.
  9652 | D:7      | Found a sacrificial altar of Ru.
  9904 | D:8      | Reached XP level 11. HP: 48/79 MP: 10/21
  9905 | D:8      | Reached skill level 7 in Spellcasting
 10094 | D:8      | Found a runed translucent gate.
 10094 | D:8      | Found a runed translucent gate.
 10094 | D:8      | Found a runed translucent gate.
 10095 | D:8      | Noticed an 11-headed hydra
 10096 | D:8      | Noticed asd2613's ghost (novice DrCj)
 10270 | D:8      | Found a shadowy altar of Dithmenos.
 10431 | D:8      | Reached skill level 7 in Alchemy
 11037 | D:9      | Reached skill level 8 in Ice Magic
 11524 | D:9      | Reached ** piety under Sif Muna
 11530 | D:9      | Reached skill level 8 in Alchemy
 12460 | D:10     | Entered Level 10 of the Dungeon
 12684 | D:10     | Reached skill level 8 in Spellcasting
 12837 | D:10     | Reached skill level 5 in Dodging
 13036 | D:10     | Found a staircase to the Lair.
 13058 | D:10     | Reached *** piety under Sif Muna
 13359 | D:10     | Reached skill level 6 in Dodging
 13909 | Lair:1   | Entered Level 1 of the Lair of Beasts
 13925 | Lair:1   | Reached skill level 8 in Invocations
 13925 | Lair:1   | Reached XP level 12. HP: 74/103 MP: 9/24
 13933 | Lair:1   | Reached skill level 4 in Summonings
 14117 | Lair:1   | Noticed Gastronok
 14145 | Lair:1   | Killed Gastronok
 14146 | Lair:1   | Reached skill level 5 in Summonings
 14214 | Lair:1   | Reached skill level 6 in Fighting
 14336 | Lair:1   | Reached skill level 9 in Alchemy
 14370 | Lair:1   | Noticed Harold
 14393 | Lair:1   | Killed Harold
 14452 | Lair:1   | Reached skill level 9 in Ice Magic
 14457 | Lair:1   | Learned a level 4 spell: Martyr's Knell
 14625 | Lair:1   | Reached skill level 1 in Necromancy
 14684 | Lair:1   | Reached skill level 2 in Necromancy
 14728 | Lair:1   | Reached **** piety under Sif Muna
 14914 | Lair:1   | Identified a +1 robe of resistance
 14914 | Lair:1   | Noticed Jeremiah
 14926 | Lair:1   | Reached skill level 3 in Necromancy
 14929 | Lair:1   | Killed Jeremiah
 14930 | Lair:1   | Reached skill level 4 in Necromancy
 15455 | Lair:1   | Reached skill level 5 in Necromancy
 15857 | Lair:2   | Reached skill level 6 in Summonings
 15896 | Lair:2   | Noticed a six-headed hydra
 15916 | Lair:2   | Killed a six-headed hydra
 16054 | Lair:2   | Reached skill level 6 in Necromancy
 16202 | Lair:2   | Gained mutation: You can use your snake-like lower body to
                  | constrict enemies. [Naga growth]
 16202 | Lair:2   | Reached XP level 13. HP: 111/111 MP: 21/25
 16451 | Lair:2   | Reached skill level 10 in Ice Magic
 16937 | Lair:2   | Reached skill level 7 in Fighting
 16961 | Lair:2   | Reached ***** piety under Sif Muna
 17364 | Lair:2   | Identified the amulet of the Komtur {Faith Dex+4}
 17390 | Lair:2   | Found an opulent altar of Gozag.
 17405 | Lair:2   | Found a staircase to the Snake Pit.
 17593 | Lair:2   | Found a staircase to the Swamp.
 17791 | Lair:2   | Reached skill level 8 in Fighting
 18074 | Lair:3   | Reached skill level 1 in Armour
 18250 | Lair:3   | Reached skill level 2 in Armour
 18334 | Lair:3   | Learned a level 2 spell: Blink
 18348 | Lair:3   | Learned a level 3 spell: Gell's Gravitas
 18426 | Lair:3   | Reached skill level 2 in Translocations
 18531 | Lair:3   | Reached skill level 3 in Translocations
 18766 | Lair:3   | Reached skill level 4 in Translocations
 19150 | Lair:3   | Reached skill level 3 in Armour
 19594 | Lair:4   | Reached skill level 1 in Short Blades
 19607 | Lair:4   | Reached skill level 2 in Short Blades
 19607 | Lair:4   | Received a gift from Sif Muna
 19608 | Lair:4   | Got Sif Muna's Compendium of Snow and Nightshade {god gift}
 19686 | Lair:4   | Learned a level 5 spell: Metabolic Englaciation
 19693 | Lair:4   | Found a shadowy altar of Dithmenos.
 19713 | Lair:4   | Reached skill level 1 in Hexes
 19948 | Lair:4   | Reached skill level 2 in Hexes
 20026 | Lair:4   | Noticed Josephine
 20052 | Lair:4   | Killed Josephine
 20057 | Lair:4   | Reached skill level 3 in Hexes
 20182 | Lair:4   | Reached skill level 4 in Hexes
 20319 | Lair:4   | Reached skill level 5 in Translocations
 20538 | Lair:4   | Reached skill level 6 in Stealth
 20755 | Lair:4   | Reached XP level 14. HP: 118/126 MP: 14/26
 20866 | Lair:4   | Reached skill level 7 in Stealth
 21049 | Lair:5   | Entered Level 5 of the Lair of Beasts
 21063 | Lair:4   | Reached skill level 1 in Air Magic
 21302 | Lair:4   | Reached skill level 6 in Translocations
 21441 | Lair:5   | Reached skill level 7 in Translocations
 21449 | Lair:5   | HP: 14/189 [death yak (16)]
 21454 | Lair:5   | HP: 6/189 [death yak (19)]
 21460 | Lair:5   | HP: 16/189 [seven-headed hydra (3)]
 21461 | Lair:5   | HP: 1/189 [elephant (7)]
 21462 | Lair:5   | Slain by a seven-headed hydra

Vanquished Creatures
  Gastronok (Lair:1)
  Josephine (Lair:4)
  Harold (Lair:1)
  2 hydras (Lair:2)
  A boulder beetle (Lair:2)
  A death yak (Lair:5)
  3 two-headed ogres
  A skyshark (Lair:3)
  Pikel (D:4)
  2 black mambas (Lair:4)
  5 cane toads
  2 elephants
  A guardian serpent (Lair:2)
  2 torpor snails
  Jeremiah (Lair:1)
  A rime drake (Lair:2)
  4 komodo dragons
  3 polar bears
  A hornet (D:9)
  13 blink frogs
  4 wyverns
  3 wraiths (Lair:4)
  52 yaks
  3 basilisks
  6 steam dragons
  2 swamp worms (Lair:2)
  7 vampire mosquitoes
  7 water moccasins
  An ice beast (D:6)
  3 orc warriors
  5 sky beasts
  3 black bears
  An ogre (D:5)
  6 wolves (Lair:3)
  A centaur (D:9)
  4 lemures (D:4)
  15 bullfrogs
  A gnoll sergeant (D:9)
  4 scorpions
  3 wights
  10 killer bees
  2 electric eels
  4 hounds
  2 bombardier beetles
  A jelly (D:5)
  2 gnoll boudas (D:9)
  5 orc priests
  3 sleepcaps
  Jessica (D:2)
  Ijyb (D:4)
  5 iguanas
  11 orc wizards
  15 hell rats
  12 gnolls (D:9)
  6 adders
  13 river rats (Lair:2)
  A white imp (D:7)
  4 ufetubi
  2 ribbon worms
  4 dart slugs
  37 orcs
  5 endoplasms
  A giant cockroach (D:4)
  7 goblins
  4 hobgoblins
  2 jackals (D:2)
  3 kobolds
  9 quokkas
  6 ball pythons
  4 bats
  5 frilled lizards
  32 rats
397 creatures vanquished.

Vanquished Creatures (collateral kills)
  2 hydras
  2 skysharks
  2 elephants
  A black mamba (Lair:2)
  4 cane toads
  3 rime drakes
  A komodo dragon (Lair:4)
  2 blink frogs
  A dream sheep (Lair:4)
  A wyvern (D:8)
  14 yaks
  A vampire mosquito (D:10)
  A steam dragon (D:8)
  An acid dragon (D:7)
  7 water moccasins
  A black bear (D:10)
  2 crocodiles (D:7)
  A centaur (D:7)
  A kobold brigand (D:7)
  5 bullfrogs
  6 wights
  A hound (D:5)
  5 jellies
  A gnoll bouda (D:10)
  3 sleepcaps
  A killer bee zombie (D:7)
  A white imp (D:5)
71 creatures vanquished.

Vanquished Creatures (others)
  A water moccasin (Lair:2)
1 creature vanquished.

Grand Total: 469 creatures vanquished

Table legend: (Time is in decaauts)
 A = Elapsed time spent in this place.
 B = Non-inter-level travel time spent in this place.
 C = Inter-level travel time spent in this place.
 D = Time resting spent in this place.
 E = Time spent auto-exploring this place.
 F = Levels seen in this place.
 G = Mean time per level.
                   A        B        C        D        E       F      G
               +--------+--------+--------+--------+--------+-----+--------+
         Total |  25688 |  24480 |   1208 |   1266 |  19465 |  16 | 1605.5 |
       Dungeon |  16880 |  16054 |    826 |    603 |  13219 |  10 | 1688.0 |
        Temple |     38 |     22 |     16 |      0 |      0 |   1 |   38.0 |
          Lair |   8769 |   8404 |    365 |    662 |   6245 |   5 | 1753.8 |
               +--------+--------+--------+--------+--------+-----+--------+

Top non-repeatable levels by time:
     D:7: 2748 daAuts
  Lair:2: 2706 daAuts
     D:4: 2406 daAuts
  Lair:1: 2124 daAuts
  Lair:4: 2120 daAuts
  Lair:3: 1764 daAuts
     D:9: 1749 daAuts
    D:10: 1741 daAuts
     D:2: 1693 daAuts
     D:6: 1534 daAuts
     D:8: 1501 daAuts
     D:5: 1324 daAuts
     D:3: 1107 daAuts
     D:1: 1073 daAuts
  Lair:5: 53 daAuts

Table legend:
 A = Non-vault XP
 B = Vault XP
 C = Vault XP percentage of total XP
 D = Non-vault monster count
 E = Vault monster count
 F = Vault count percentage of total count
                 A         B        C        D         E       F
            +---------+---------+-------+---------+---------+-------
      Total |   44456 |   17224 |  27.9 |     327 |     138 |  29.7
            +---------+---------+-------+---------+---------+-------
        D:1 |      27 |       0 |   0.0 |      16 |       0 |   0.0
        D:2 |      46 |      37 |  44.6 |      12 |       1 |   7.7
        D:3 |     136 |      20 |  12.8 |      15 |      19 |  55.9
        D:4 |     381 |     626 |  62.2 |      24 |       3 |  11.1
        D:5 |     704 |     251 |  26.3 |      14 |       7 |  33.3
        D:6 |    1611 |       0 |   0.0 |      10 |       0 |   0.0
        D:7 |    1885 |    3032 |  61.7 |      26 |      25 |  49.0
        D:8 |    1138 |     390 |  25.5 |      22 |       3 |  12.0
        D:9 |    2591 |       0 |   0.0 |      29 |       0 |   0.0
       D:10 |    3515 |    1065 |  23.3 |      30 |      10 |  25.0
     Lair:1 |    7603 |    4150 |  35.3 |      36 |       8 |  18.2
     Lair:2 |    6111 |    3923 |  39.1 |      22 |      48 |  68.6
     Lair:3 |    5735 |     746 |  11.5 |      19 |       7 |  26.9
     Lair:4 |   10210 |    2173 |  17.5 |      43 |       6 |  12.2
     Lair:5 |    2763 |     811 |  22.7 |       9 |       1 |  10.0
            +---------+---------+-------+---------+---------+-------
